 Dungeon Crawl Stone Soup version 0.28-a0-206-gc2c9e32840 (console) character file.

Game seed: 9299260373868186969

1044 jejorda2 the Cleaver (level 8, -5/70 HPs)
             Began as a Hill Orc Monk on Aug 20, 2021.
             Slain by an orc warrior (8 damage)
             ... on level 6 of the Dungeon.
             The game lasted 00:13:19 (9038 turns).

jejorda2 the Cleaver (Hill Orc Monk)                Turns: 9038, Time: 00:13:19

Health: -5/70      AC: 10    Str: 16    XL:     8   Next: 25%
Magic:  11/11      EV:  7    Int: 10    God:
Gold:   183        SH:  0    Dex: 13    Spells: 7/7 levels left

rFire   . . .      SeeInvis .   a - +0 battleaxe
rCold   . . .      Faith    .   (shield currently unavailable)
rNeg    . . .      Spirit   .   f - +0 chain mail
rPois   .          Reflect  .   (no helmet)
rElec   .          Harm     .   i - +0 cloak
rCorr   .          Rampage  .   (no gloves)
Will    .....                   (no boots)
Stlth   ..........              (no amulet)
HPRegen 0.21/turn               (no ring)
MPRegen 0.12/turn               (no ring)

@: no status effects
A: no striking features
a: no special abilities


You were on level 6 of the Dungeon.
You visited 2 branches of the dungeon, and saw 7 of its levels.

You collected 345 gold pieces.
You spent 162 gold pieces at shops.

Inventory:

Hand Weapons
 a - a +0 battleaxe (weapon)
 b - a +0 flail
Missiles
 e - 172 stones (quivered)
 g - 4 poisoned darts
Armour
 f - a +0 chain mail (worn)
 i - a +0 cloak (worn)
Scrolls
 c - a scroll of magic mapping
 d - a scroll of fog
 l - a scroll of amnesia
 r - 2 scrolls of enchant armour
Potions
 h - a potion of ambrosia {unknown}
 j - a potion of flight {unknown}
 k - 2 potions of might
 m - a potion of heal wounds


   Skills:
 - Level 6.0 Fighting
 * Level 9.2 Axes
 + Level 4.5 Armour
 - Level 2.4 Dodging
 - Level 1.5 Stealth
 + Level 4.3 Invocations


You had 7 spell levels left.
You didn't know any spells.
Your spell library contained the following spells:

 Spells                   Type           Power      Damage    Failure   Level
 Sting                    Tmut/Pois      0%         1d3       99%         1
 Poisonous Vapours        Pois/Air       0%         N/A       100%        2
 Stone Arrow              Conj/Erth      0%         3d7       100%        3
 Animate Armour           Summ/Erth      0%         N/A       100%        4
 Olgreb's Toxic Radiance  Pois           0%         N/A       100%        4
 Lehudib's Crystal Spear  Conj/Erth      0%         10d2      100%        8


Dungeon Overview and Level Annotations

Branches:
Dungeon (6/15)             Temple (1/1) D:4

Altars:
Ashenzari
Cheibriados
Dithmenos
Elyvilon
Fedhas
Gozag
Makhleb
Okawaru
Qazlal
Ru
Sif Muna
Trog
Uskayaw
Vehumet
Wu Jian
Xom
Yredelemnul
The Shining One

Shops:
D:1 ***:(


Message History

The killer bee zombie is almost destroyed.
The killer bee zombie barely misses you.
The killer bee zombie hits you but does no damage.
You slice the killer bee zombie!!
You destroy the killer bee zombie!
No target in view!
No target in view!
You now have 183 gold pieces (gained 10).
An orc warrior comes into view. It is wielding a +0 broad axe.
The orc warrior shouts!
You hear a shout!
An orc comes into view. It is wielding a +0 hand axe.
You closely miss the orc warrior.
The orc warrior hits you with a +0 broad axe!
You closely miss the orc warrior.
The orc warrior hits you with a +0 broad axe!
Your chain mail prevents you from hitting the orc warrior.
The orc warrior barely misses you.
An orc comes into view. It is wielding a +0 club.
The orc warrior closely misses you.
You barely miss the orc warrior.
The orc shouts!
The orc warrior closely misses you.
You closely miss the orc warrior. The orc warrior barely misses you.
You slash the orc warrior!
The orc warrior is moderately wounded.
The orc warrior hits you with a +0 broad axe!
You closely miss the orc warrior.
The orc warrior is moderately wounded.
The orc warrior hits you with a +0 broad axe!
* * * LOW HITPOINT WARNING * * *
The orc warrior hits you with a +0 broad axe.
* * * LOW HITPOINT WARNING * * *
You closely miss the orc warrior.
The orc warrior is moderately wounded.
The orc warrior hits you with a +0 broad axe!
* * * LOW HITPOINT WARNING * * *
You closely miss the orc warrior.
The orc warrior is moderately wounded.
The orc warrior hits you with a +0 broad axe!
You die...

#.. #..
#$# #..
#o# #o#
#o# #@#
#.# #
#.##.#
#....# # #
#.####
#.#.###.#
##...#...#
#........#
#<.###...#
##


You could see an orc warrior and 2 orcs.

Vanquished Creatures
  An ice beast (D:6)
  A necrophage (D:5)
  A phantom (D:6)
  3 scorpions
  A bullfrog skeleton (D:6)
  4 hounds
  A jelly (D:4)
  2 orc priests (D:5)
  2 centaur skeletons
  An orc wizard (D:5)
  An iguana (D:5)
  2 killer bee zombies (D:6)
  8 gnolls
  5 adders
  A shadow imp (D:6)
  An adder skeleton (D:4)
  A worm (D:2)
  A dart slug (D:4)
  12 orcs
  11 ball pythons
  4 endoplasms
  5 giant cockroaches
  6 hobgoblins
  3 jackals (D:1)
  2 quokkas
  6 bats
  3 frilled lizards
  7 goblins
  4 kobolds
  6 rats
106 creatures vanquished.

Vanquished Creatures (others)
  3 plants (D:2)
3 creatures vanquished.

Grand Total: 109 creatures vanquished

Notes
Turn   | Place    | Note
-------+----------+-------------------------------------------
     0 | D:1      | jejorda2 the Hill Orc Monk began the quest for the Orb.
     0 | D:1      | Reached XP level 1. HP: 19/19 MP: 1/1
   435 | D:1      | Found Xeyqon's General Store.
   444 | D:1      | Reached XP level 2. HP: 27/27 MP: 2/2
   573 | D:1      | Found Ofotej's General Store.
   725 | D:1      | Found Byeghymn's Book Shoppe.
   739 | D:1      | Found Nehurev's Assorted Antiques.
   765 | D:1      | Reached skill level 1 in Armour
   938 | D:1      | Reached XP level 3. HP: 28/33 MP: 3/3
  1119 | D:1      | Found Keluasix's Weapon Shop.
  1349 | D:2      | Reached skill level 5 in Axes
  1779 | D:2      | Reached XP level 4. HP: 36/40 MP: 4/4
  2543 | D:3      | Found a stormy altar of Qazlal.
  2670 | D:3      | Found a glowing golden altar of the Shining One.
  2747 | D:3      | Found a faded altar of an unknown god.
  3654 | D:3      | Reached XP level 5. HP: 33/47 MP: 5/5
  3665 | D:2      | Reached skill level 6 in Axes
  4514 | D:3      | Found a stormy altar of Qazlal.
  4721 | D:3      | Found a glowing golden altar of the Shining One.
  4788 | D:3      | Found a faded altar of an unknown god.
  5100 | D:4      | Found a staircase to the Ecumenical Temple.
  5108 | Temple   | Entered the Ecumenical Temple
  5543 | D:1      | Bought a blackened silver ring for 120 gold pieces
  5810 | D:4      | Reached skill level 1 in Invocations
  5867 | D:4      | Reached XP level 6. HP: 48/55 MP: 6/6
  6070 | D:4      | Reached skill level 5 in Fighting
  6529 | D:5      | Entered Level 5 of the Dungeon
  6570 | D:5      | Reached skill level 7 in Axes
  6826 | D:5      | Noticed a necrophage
  6836 | D:5      | Killed a necrophage
  6837 | D:5      | Reached XP level 7. HP: 56/61 MP: 8/8
  6977 | D:1      | Bought an amethyst potion for 21 gold pieces
  6977 | D:1      | Bought a yellow potion for 21 gold pieces
  7366 | D:5      | Reached skill level 8 in Axes
  8410 | D:6      | Reached XP level 8. HP: 20/70 MP: 10/10
  8694 | D:6      | Reached skill level 9 in Axes
  9037 | D:6      | HP: 2/70 [orc warrior (12)]
  9038 | D:6      | Slain by an orc warrior

Illustrated notes

Levels and vault maps discovered:
D:1:      dpeg_arrival_rooms_with_view, layout_loops_cross, serial_shops,
          nicolae_shop_competitors_out_of_business, nicolae_shop_crystal, shop,
          nicolae_shop_crystal, nicolae_shop_trees, minmay_tripent
D:2:      layout_basic, serial_forest, infiniplex_forest_clump_small,
          infiniplex_forest_straight_1, infiniplex_forest_end_1,
          infiniplex_forest_lined_room_2, infiniplex_forest_clump_large,
          infiniplex_forest_fountain
D:3:      layout_loops_ring, tso_metal_star, mainiacjoe_overflow_24_doors,
          ebering_ecumenical_altar_mist, grunt_decor_arrowhead
D:4:      layout_basic, minmay_temple_entry_grid
D:5:      layout_basic
D:6:      layout_loops_ring, beargit_hepliaklqana_dungeon_heroes,
          hangedman_minor_gate_pass
Temple:   nicolae_temple_elliptical

Skill      XL: |  1  2  3  4  5  6  7  8 |
---------------+-------------------------+-----
Armour         | 1 2 3 4 |  4.5
Fighting       | 4 5 6 |  6.0
Axes           | 5 6 7 8 9 |  9.2
Invocations    | 1 2 3 4 |  4.3
Dodging        | |  2.4
Stealth        | |  1.5

Action                   |  1- 3 |  4- 6 |  7- 9 || total
-------------------------+-------+-------+-------++-------
Melee: Hand axe          |   125 |    61 |       ||   186
       Flail             |       |    91 |       ||    91
       Battleaxe         |       |    49 |   113 ||   162
Throw: Stone             |       |    15 |       ||    15
  Use: Potion            |       |     6 |       ||     6
       Scroll            |       |     8 |     1 ||     9
 Stab: Sleeping          |     2 |       |       ||     2
Armor: Robe              |    10 |       |       ||    10
       Chain mail        |    54 |   116 |    68 ||   238
       Skin              |       |    43 |       ||    43
Dodge: Dodged            |    55 |    73 |    59 ||   187

Table legend: (Time is in decaauts)
 A = Elapsed time spent in this place.
 B = Non-inter-level travel time spent in this place.
 C = Inter-level travel time spent in this place.
 D = Time resting spent in this place.
 E = Time spent auto-exploring this place.
 F = Levels seen in this place.
 G = Mean time per level.
                   A        B        C        D        E       F      G
               +--------+--------+--------+--------+--------+-----+--------+
         Total |   9131 |   8447 |    684 |    529 |   6897 |   7 | 1304.4 |
       Dungeon |   8959 |   8308 |    651 |    529 |   6758 |   6 | 1493.2 |
        Temple |    171 |    139 |     32 |      0 |    139 |   1 |  171.0 |
               +--------+--------+--------+--------+--------+-----+--------+

Top non-repeatable levels by time:
     D:3: 2108 daAuts
     D:2: 1961 daAuts
     D:5: 1651 daAuts
     D:1: 1368 daAuts
     D:4: 1165 daAuts
     D:6: 703 daAuts
  Temple: 171 daAuts
